 Dungeon Crawl Stone Soup version 0.28.0 (webtiles) character file.

Game seed: 14174591129826750432

32 vvl the Stinger (level 3, 0/25 HPs)
             Began as a Demonspawn Venom Mage on Feb 10, 2022.
             Succumbed to an adder's poison
             ... on level 2 of the Dungeon.
             The game lasted 00:02:53 (1664 turns).

vvl the Stinger (Demonspawn Venom Mage)             Turns: 1664, Time: 00:02:54

Health: 0/25       AC:  8    Str:  8    XL:     3   Next: 10%
Magic:  1/6        EV: 11    Int: 18    God:
Gold:   44         SH:  3    Dex: 13    Spells: 5/6 levels left

rFire   . . .      SeeInvis .   c - +0 dagger (vamp)
rCold   . . .      Faith    .   g - +0 buckler
rNeg    . . .      Spirit   .   a - +0 robe
rPois   .          Reflect  .   (no helmet)
rElec   .          Harm     .   (no cloak)
rCorr   .          Rampage  .   (no gloves)
Will    .....                   (no boots)
Stlth   ++........              (no amulet)
HPRegen 0.08/turn               (no ring)
MPRegen 0.10/turn               (no ring)

@: lethally poisoned (0 -> -4), sanguine armoured, very slightly contaminated
A: powered by pain 1, sanguine armour 1
a: no special abilities


You were on level 2 of the Dungeon.
You visited 1 branch of the dungeon, and saw 2 of its levels.

You collected 44 gold pieces.

Inventory:

Hand Weapons
 c - a +0 vampiric dagger (weapon)
Armour
 a - a +0 robe (worn)
 g - a +0 buckler (worn)
Jewellery
 h - a ring of ice
Scrolls
 b - 3 scrolls of identify {unknown}
 d - 5 scrolls of teleportation {unknown}
 e - a scroll of holy word {unknown}
 f - a scroll of fog {unknown}


   Skills:
 + Level 0.6 Fighting
 + Level 0.4 Armour
 - Level 2.0 Dodging
 - Level 2.0 Stealth
 + Level 0.2 Shields
 + Level 2.1 Spellcasting
 + Level 0.5 Necromancy
 + Level 1.1 Transmutations
 * Level 3.3 Poison Magic


You had 5 spell levels left.
You knew the following spells:

 Your Spells              Type           Power      Damage    Failure   Level
a - Sting                 Tmut/Pois      40%        1d5       10%         1

Your spell library contained the following spells:

 Spells                   Type           Power      Damage    Failure   Level
 Poisonous Vapours        Pois/Air       14%        N/A       19%         2
 Mephitic Cloud           Conj/Pois/Air  5%         N/A       43%         3
 Olgreb's Toxic Radiance  Pois           14%        N/A       52%         4


Dungeon Overview and Level Annotations

Branches:
Dungeon (2/15)

Altars:


Innate Abilities, Weirdness & Mutations

You sometimes gain a little power by taking damage.
When seriously injured, your blood forms armour. (AC +6)


Message History

The adder misses you. The adder bites you.
You barely miss the adder.
The adder is heavily wounded.
The adder closely misses you.
You closely miss the adder.
The adder is heavily wounded.
The adder bites you but does no damage. x2
You barely miss the adder.
The adder is severely wounded.
The adder misses you.
You miss the adder.
The adder is almost dead.
The adder bites you.
You hit the adder.
You feel better.
The adder is almost dead.
The adder bites you but does no damage. The adder barely misses you.
You barely miss the adder.
The adder is almost dead.
The adder bites you.
* * * LOW HITPOINT WARNING * * *
You are lethally poisoned!
The adder poisons you!
You barely miss the adder.
The adder is almost dead.
* * * LOW HITPOINT WARNING * * *
You feel sick. The adder closely misses you.
You completely miss the adder.
The adder is almost dead.
* * * LOW HITPOINT WARNING * * *
You feel sick.
You kill the adder!
Training target 2.0 for Stealth reached!
Your Stealth skill increases to level 2!
You have reached level 3!
Your experience leads to an increase in your attributes!
Increase (S)trength, (I)ntelligence, or (D)exterity?
You feel clever. x2; Your demonic ancestry asserts itself...
You feel your blood ready itself to protect you.
You hit the goblin but do no damage.
Your blood congeals into armour.
You die... .#. #.#.
PPP

#P?# P.. #PS#
≈⌠.⌠ #PP#P.P⌠
#..#....
##########...#
#.....@g.†P≈.#
#.########.≈.#
#.#...........#
#.#.###.......#
#.#.# #.#######
#.#.# #. #.#.#
# #.#.#######
#..<.......


You could see a goblin.

Vanquished Creatures
  An adder (D:2)
  A dart slug (D:1)
  2 bats (D:1)
  An endoplasm (D:1)
  3 giant cockroaches (D:1)
  2 goblins (D:1)
  3 hobgoblins
  2 kobolds (D:1)
  A quokka (D:1)
  A ball python (D:1)
  2 frilled lizards
19 creatures vanquished.

Vanquished Creatures (others)
  A fungus (D:2)
  5 plants (D:2)
6 creatures vanquished.

Grand Total: 25 creatures vanquished

Notes
Turn   | Place    | Note
-------+----------+-------------------------------------------
     0 | D:1      | vvl the Demonspawn Venom Mage began the quest for the Orb.
     0 | D:1      | Reached XP level 1. HP: 13/13 MP: 3/3
   379 | D:1      | Reached skill level 1 in Transmutations
   590 | D:1      | Gained mutation: You sometimes gain a little power by
                  | taking damage. [demonic ancestry]
   590 | D:1      | Reached XP level 2. HP: 5/20 MP: 1/5
  1663 | D:2      | HP: 1/20 [poisoned by an adder]
  1664 | D:2      | Gained mutation: When seriously injured, your blood forms
                  | armour. (AC +6) [demonic ancestry]
  1664 | D:2      | Reached XP level 3. HP: 1/25 MP: 1/6
  1664 | D:2      | Succumbed to an adder's poison

Illustrated notes

Levels and vault maps discovered:
D:1:      elethiomel_arrival_maze, layout_basic, kennysheep_boxes
D:2:      layout_basic, shapermc_ecumenical_altar_mp_ritualfount,
          grunt_decor_one_mirror, uniq_robin

Skill      XL: |  1  2 |
---------------+-------+-----
Transmutations | 1 |  1.1
Dodging        | 2 |  2.0
Stealth        | 2 |  2.0
Fighting       | |  0.6
Armour         | |  0.4
Shields        | |  0.2
Spellcasting   | |  2.1
Necromancy     | |  0.5
Poison Magic   | |  3.3

Action                   || total
-------------------------++-------
Melee: Dagger            ||    43
       Punch             ||     1
 Cast: Sting             ||    22
Armor: Robe              ||    20
Dodge: Dodged            ||    27
Block: Buckler           ||     7
